 Dungeon Crawl Stone Soup version 0.23.1 (webtiles) character file.

Game seed: 0

39 Descartes the Cutter (level 3, -2/17 HPs)
             Began as a Vine Stalker Wanderer on Mar 15, 2019.
             Slain by a worm (7 damage)
             ... on level 2 of the Dungeon on Mar 16, 2019.
             The game lasted 00:09:22 (1846 turns).

Descartes the Cutter (Vine Stalker Wanderer)        Turns: 1846, Time: 00:09:23

Health: -2/17      AC:  5    Str: 14    XL:     3   Next: 45%
Magic:  0/5        EV: 13    Int: 12    God:
Gold:   77         SH:  0    Dex: 14    Spells: 3/3 levels left

rFire    . . .     SeeInvis .   b - +0 falchion
rCold    . . .     Gourm    .   (no shield)
rNeg     . . .     Faith    .   a - +2 leather armour
rPois    .         Spirit   +   (no helmet)
rElec    .         Reflect  .   (no cloak)
rCorr    .         Harm     .   (no gloves)
MR       +....                  (no boots)
Stlth    ++........             (no amulet)
HPRegen  0.05/turn              o - ring of protection from magic
MPRegen  0.09/turn              (no ring)

@: no status effects
A: fangs 2, magic shield, antimagic bite, no potion heal 3, rot immunity
a: no special abilities


You were on level 2 of the Dungeon.
You were not hungry.

You visited 1 branch of the dungeon, and saw 2 of its levels.

You collected 77 gold pieces.

Inventory:

Hand Weapons
 b - a +0 falchion (weapon)
Missiles
 e - 6 tomahawks (quivered)
 g - 28 stones
 l - 18 sling bullets
Armour
 a - a +2 leather armour (worn)
Jewellery
 o - a ring of protection from magic (left hand)
 p - an uncursed amulet of faith
Scrolls
 j - a scroll of blinking
Potions
 c - a potion of lignification
 f - a potion of brilliance
 h - a potion of curing
 k - a potion of heal wounds {unknown}
 m - a potion of agility
Comestibles
 d - 4 rations
 i - 4 chunks of flesh


   Skills:
 + Level 0.5 Fighting
   Level 3.6 Short Blades
 + Level 0.6(2.3) Long Blades
 - Level 1.3 Throwing
 + Level 0.0 Armour
 + Level 3.4 Dodging
 - Level 1.2 Stealth
 * Level 1.6 Unarmed Combat
 - Level 0.7 Spellcasting


You had 3 spell levels left.
You didn't know any spells.
Your spell library was empty.

Dungeon Overview and Level Annotations

Branches:
Dungeon (2/15)

Altars:


Innate Abilities, Weirdness & Mutations

You have extremely sharp teeth.
When hurt, damage is shared between your health and your magic reserves.
Your bite disrupts and absorbs the magic of your enemies.
Potions cannot restore your health.
You are immune to rotting.


Message History

You hit the hobgoblin but do no damage. You bite the hobgoblin.
You drain its power.
The hobgoblin is almost dead.
You barely miss the hobgoblin.
The hobgoblin is almost dead.
The hobgoblin hits you with a +0 club.
You closely miss the hobgoblin.
The hobgoblin is almost dead.
The hobgoblin barely misses you.
You riposte.
You hit the hobgoblin.
You kill the hobgoblin!
You hit the worm.
The worm is moderately wounded.
You slash the worm! You bite the worm. You drain its power.
The worm is severely wounded.
The worm bites you!
* * * LOW HITPOINT WARNING * * *
You hit the worm.
The worm is almost dead.
The worm bites you!
You die...

#.#.##........####...
#...................##
.###...............#
#........#......
##......>.......
###...##.#..#
##.......# ###..#....#
#......@#.#
#..#.#w##..# ....#...#
#... .....#...# ####
......#...# .....
..... ###... ...


You could see a worm.

Vanquished Creatures
  An ooze (D:1)
  A worm (D:2)
  3 leopard geckos (D:1)
  A bat (D:1)
  A giant cockroach (D:1)
  3 goblins (D:1)
  6 hobgoblins
  4 kobolds (D:1)
  4 frilled lizards (D:1)
  2 rats
26 creatures vanquished.

Notes
Turn   | Place    | Note
-------+----------+-------------------------------------------
     0 | D:1      | Descartes the Vine Stalker Wanderer began the quest for the
                  | Orb.
     0 | D:1      | Descartes set off with the following items: a +2 leather
                  | armour, a +0 falchion, a potion of lignification, a ration
     0 | D:1      | Reached XP level 1. HP: 9/9 MP: 2/2
   203 | D:1      | Reached XP level 2. HP: 6/13 MP: 1/3
   394 | D:1      | Reached skill level 1 in Unarmed Combat
  1266 | D:1      | Reached XP level 3. HP: 17/17 MP: 4/4
  1846 | D:2      | Slain by a worm

Skill      XL: |  1  2 |
---------------+-------+-----
Unarmed Combat | 1 |  1.6
Fighting       | |  0.5
Short Blades   | |  3.6
Long Blades    | |  0.6
Throwing       | |  1.3
Dodging        | |  3.4
Stealth        | |  1.2
Spellcasting   | |  0.7

Action                   || total
-------------------------++-------
Melee: Falchion          ||    78
       Bite              ||    22
       Punch             ||     2
  Use: Potion            ||     2
       Scroll            ||     4
 Stab: Distracted        ||     1
       Sleeping          ||     1
  Eat: Chunk             ||     3
Armor: Leather armour    ||    26
Dodge: Dodged            ||    48
       Rpst.: Falchion   ||    16
